 Dungeon Crawl Stone Soup version 0.28.0-45-g0d030f2227 (console) character file.

Game seed: 14165637453450359983

11 Zeor the Skirmisher (level 2, -5/25 HPs)
             Began as a Djinni Cinder Acolyte on Apr 17, 2022.
             Was a High Priest of Ignis.
             Frozen to death by an endoplasm (6 damage)
             ... on level 1 of the Dungeon.
             The game lasted 00:01:25 (495 turns).

Zeor the Skirmisher (Djinni Cinder Acolyte)          Turns: 495, Time: 00:01:26

Health: -5/25      AC:  2    Str: 13    XL:     2   Next: 40%
Gold:   52         EV: 11    Int: 15    God:    Ignis [*****.] SH:  0 Dex:  8

rFire   + + +      SeeInvis .   a - -1 falchion (flame)
rCold   x . .      Faith    .   (no shield)
rNeg    . . .      Spirit   .   b - +0 robe
rPois   ∞          Reflect  .   (no helmet)
rElec   .          Harm     .   (no cloak)
rCorr   .          Rampage  .   (no gloves)
Will    .....                   (boots unavailable)
Stlth   +.........              (no amulet)
HPRegen 0.08/turn               (no ring)
MPRegen 0.00/turn               (no ring)

@: flying, very slightly contaminated
A: sickness immunity, fire resistance 2, cold vulnerability 1, float, innate
caster, HP casting, extra vitality 1
a: Renounce Religion, Fiery Armour, Foxfire Swarm, Rising Flame


You were on level 1 of the Dungeon.
You worshipped Ignis.
Ignis was extremely pleased with you.
You visited 1 branch of the dungeon, and saw 2 of its levels.

You collected 52 gold pieces.

Inventory:

Hand Weapons
 a - a -1 falchion of flaming (weapon)
 f - a +2 dagger of venom
Armour
 b - a +0 robe (worn)
Potions
 d - a potion of ambrosia
 g - a potion of mutation {unknown}


   Skills:
 + Level 3.1 Fighting
 + Level 2.9 Long Blades
 * Level 2.6 Spellcasting


You had 4 spell levels left.
You knew the following spells:

 Your Spells              Type           Power      Damage    Failure   Level
a - Scorch                Fire           20%        2d6       11%         2
Your spell library was empty.

Dungeon Overview and Level Annotations

Branches:
Dungeon (2/15)

Altars:


Innate Abilities, Weirdness & Mutations

You are immune to sickness and miasma.
You are immune to poison.
Your flesh is very heat resistant. (rF++)
You are vulnerable to cold. (rC-)
You float through the air rather than walking.
You learn spells naturally, not from books.
Your magical power is your life essence.
You have superior vitality. (+4 MHP)


Message History

You kill the ball python!
Casting: Scorch (safe; 11% risk of failure)
Confirm with . or Enter, or press ? or * to list all spells.
You miscast Scorch.
You are very lightly contaminated with residual magic.
Nothing appears to happen.
Casting: Scorch (safe; 11% risk of failure)
Confirm with . or Enter, or press ? or * to list all spells.
Flames lash the frilled lizard.
You kill the frilled lizard!
An endoplasm comes into view.
Casting: Scorch (safe; 11% risk of failure)
Confirm with . or Enter, or press ? or * to list all spells.
Flames lash the frilled lizard.
You kill the frilled lizard!
A bat comes into view.
The endoplasm jiggles.
Casting: Scorch (safe; 11% risk of failure)
Confirm with . or Enter, or press ? or * to list all spells.
Flames lash the bat.
You kill the bat!
The endoplasm freezes you.
You are frozen.
You feel a terrible chill! The kobold hits you with a +0 dagger.
* * * LOW HITPOINT WARNING * * *
You hit the kobold but do no damage. The endoplasm hits you.
* * * LOW HITPOINT WARNING * * *
The kobold hits you with a +0 dagger.
* * * LOW HITPOINT WARNING * * *
Casting: Scorch (safe; 11% risk of failure)
Confirm with . or Enter, or press ? or * to list all spells.
You don't have enough health to cast this spell.
You hit the endoplasm. You burn the endoplasm.
The endoplasm is almost dead.
The endoplasm hits you but does no damage.
The kobold hits you with a +0 dagger.
* * * LOW HITPOINT WARNING * * *
The endoplasm freezes you.
You are frozen.
You feel a terrible chill!
You die... ∙▒ ∙∙∙∙∙∙∙ ∙ ∙?∙∙∙∙ ▒ ▒∙ ∙∙∙∙∙ ▒▒∙▒∙ ▒∙∙∙ ∙∙∙∙∙∙

∙∙∙ ∙∙∙∙∙∙▒ ▒∙▒
▒▒
▒▒∙▒∙∙∙▒▒J▒▒▒▒∙∙▒
∙
∙∙∙∙∙∙∙>KR†∙∙∙∙∙▒
∙∙!▒∙∙∙∙▒∙▒▒▒▒∙∙▒


PP∙∙∙∙∙∙∙∙∙∙ ∙∙P∙∙∙∙∙∙∙∙∙∙∙ ∙PP∙∙▒∙∙▒∙▒▒▒▒▒ ∙∙P∙∙∙∙∙▒∙∙ ∙P∙∙∙▒∙∙∙∙∙∙
∙PP∙∙'∙∙∙∙∙∙▒ ▒∙∙∙ ∙▒ You could see an endoplasm and a kobold.

Vanquished Creatures
  2 bats (D:1)
  A giant cockroach (D:1)
  A goblin (D:1)
  A hobgoblin (D:1)
  3 ball pythons
  2 frilled lizards (D:1)
10 creatures vanquished.

Vanquished Creatures (others)
  A plant (D:1)
1 creature vanquished.

Grand Total: 11 creatures vanquished

Notes
Turn   | Place    | Note
-------+----------+-------------------------------------------
     0 | D:1      | Zeor the Djinni Cinder Acolyte began the quest for the Orb.
     0 | D:1      | Reached XP level 1. HP: 20/20 MP: 0/0
   481 | D:2      | Reached XP level 2. HP: 25/25 MP: 0/0
   495 | D:1      | HP: 1/25 [kobold/+0 dagger (1)]
   495 | D:1      | Frozen to death by an endoplasm

Illustrated notes

Levels and vault maps discovered:
D:1:      evilmike_arrival_crescent, layout_basic,
          shapermc_ecumenical_altar_mp_vishouse, nicolae_grassy_gnolls
D:2:      layout_loops_corners

Action                   || total
-------------------------++-------
Melee: Falchion          ||    18
 Cast: Scorch            ||     5
  Use: Scroll            ||     3
Armor: Robe              ||     5
Dodge: Dodged            ||    14
